Map: Lost and Found LE

Players

Tesla (Rob) - Winner!

  • Race: Protoss Protoss
  • Spawn Location: 7:00

Nistic

  • Race: Zerg Zerg
  • Spawn Location: 1:00

Event: WCS Austin 2018

VOD

Have the link to the VOD?

Description

Time

  • Played on: June 1, 2018, 3:42 p.m.
  • Length: 16:45

All games in this series

Show
View Real Time Build Order
Export as new Build Order

Tesla Protoss - Winner!

Build Orders: 1 Gate Expand, Oracle Opening, Archon Immortal, Zealot Archon, Archon Drop 

Get SALT Encoding   

  12  0:00  Probe  
  13  0:12  Probe  
  14  0:23  Pylon  
  14  0:24  Probe  
  15  0:37  Probe  
  16  0:43  Gateway  
  16  0:45  Probe  
  16  0:48  Assimilator  
  17  0:55  Probe  
  18  1:07  Probe  
  19  1:24  Nexus  
  19  1:29  Probe  
  19  1:31  Cybernetics Core  
  19  1:37  Probe  
  20  1:45  Assimilator  
  21  1:47  Probe  
  21  1:52  Pylon  
  22  1:59  Probe  
  23  2:08  Probe  
  23  2:10  Adept  
  26  2:17  Probe  
  27  2:27  Probe  
  27  2:28  Stargate  
  28  2:33  Probe  
  28  2:36  Warp Gate  
  29  2:39  Probe  
  29  2:40  Adept  
  29  2:41  Probe  
  32  2:51  Probe x2  
  35  3:02  Oracle  
  35  3:03  Probe x2  
  40  3:15  Probe x2  
  40  3:18  Pylon  
  42  3:20  Assimilator  
  42  3:22  Assimilator  
  42  3:27  Probe x2  
  42  3:32  Adept  
  42  3:33  Twilight Council  
  46  3:39  Probe x2  
  46  3:40  Shield Battery  
  46  3:50  Robotics Facility  
  46  3:51  Probe x2  
  48  4:01  Pylon  
  48  4:03  Probe x2  
  50  4:13  Templar Archives  
  50  4:15  Gateway, Probe  
  50  4:16  Gateway  
  51  4:19  Gateway  
  51  4:25  Probe  
  51  4:27  Warp Prism  
  51  4:28  Probe  
  51  4:31  Phoenix  
  55  4:36  Pylon  
  57  4:46  Adept  
  59  5:03  Pylon  
  59  5:05  Nexus  
  59  5:17  Probe x2  
  59  5:19  Immortal  
  59  5:20  High Templar x4  
  69  5:25  Pylon  
  69  5:26  Archon x2, Pylon  
  69  5:28  Forge  
  69  5:30  Probe  
  69  5:31  Probe  
  75  5:42  Gateway  
  75  5:43  Gateway, Probe x2  
  77  5:52  Pylon  
  77  5:55  Probe x2  
  79  6:04  Immortal  
  79  6:05  Protoss Ground Weapons Level 1  
  79  6:07  Probe x2  
  77  6:12  High Templar x2  
  77  6:13  Zealot x2  
  89  6:18  Probe  
  89  6:19  Probe x2  
  89  6:20  Charge  
  89  6:23  Archon  
  92  6:28  Shield Battery  
  92  6:31  Pylon, Probe x2  
  94  6:40  Zealot x2  
  94  6:45  Zealot x2  
  98  7:01  Zealot, Immortal  
  84  7:02  Zealot  
  84  7:04  Probe x2  
  84  7:07  Zealot x2  
  87  7:19  Zealot x2  
  86  7:23  Probe  
  86  7:25  Zealot  
  86  7:26  Zealot  
  79  7:32  Zealot  
  79  7:33  Zealot  
  79  7:34  Probe  
  79  7:35  Probe  
  63  7:43  Probe  
  50  7:45  High Templar x2  
  50  7:46  Probe  
  50  7:47  Zealot x2  
  50  7:48  Psionic Storm, Probe  
  59  7:55  Probe  
  59  7:56  High Templar x2  
  59  7:57  Archon  
  64  7:58  Probe  
  64  8:03  Probe  
  62  8:07  Probe  
  62  8:10  Probe  
  58  8:13  Probe  
  58  8:15  Probe  
  58  8:18  Probe  
  54  8:23  Probe  
  54  8:24  High Templar, Probe  
  54  8:26  Probe  
  57  8:33  Probe  
  60  8:34  Probe  
  60  8:37  Probe  
  60  8:38  Zealot  
  60  8:40  Zealot  
  67  8:45  Probe  
  67  8:46  Zealot  
  67  8:48  Probe  
  71  8:49  Observer, Probe  
  71  8:52  High Templar  
  75  8:57  Probe  
  75  9:00  Probe  
  75  9:01  Probe  
  75  9:02  Zealot x2  
  82  9:03  High Templar  
  82  9:09  Probe  
  85  9:10  Protoss Ground Armor Level 1  
  85  9:11  Zealot  
  85  9:12  Probe  
  85  9:15  Pylon  
  88  9:17  Immortal  
  88  9:20  Probe  
  89  9:25  Assimilator  
  89  9:30  Assimilator  
  93  9:32  Probe  
  93  9:33  Probe x2  
  93  9:36  Zealot  
  98  9:39  Zealot  
  100  9:45  Probe  
  100  9:46  Probe  
  100  9:48  Zealot x3  
  100  9:50  Immortal  
  112  10:04  Photon Cannon  
  112  10:06  Shield Battery  
  112  10:10  Zealot x3  
  114  10:14  High Templar  
  114  10:15  High Templar x2  
  120  10:30  High Templar  
  120  10:32  Immortal  
  120  10:33  Zealot  
  122  10:37  Nexus  
  106  10:53  Robotics Facility  
  106  10:57  Zealot x5  
  104  11:01  Pylon  
  104  11:02  Immortal, Protoss Ground Weapons Level 2  
  110  11:07  Zealot  
  112  11:17  Forge  
  116  11:21  Zealot x2  
  116  11:23  Pylon  
  104  11:33  Observer  
  101  11:42  Zealot x6  
  101  11:43  Oracle  
  101  11:46  Probe x3  
  119  11:54  Probe  
  119  11:57  Immortal  
  119  11:58  Probe  
  125  12:07  Zealot x4  
  104  12:26  High Templar x2  
  104  12:29  Zealot x4  
  112  12:31  Immortal  
  112  12:33  Immortal  
  112  12:36  Probe  
  112  12:37  Probe x3  
  124  12:45  Probe x2  
  124  12:49  Probe  
  127  12:52  High Templar x4  
  127  12:54  Probe x2  
  127  12:57  Archon x2  
  136  12:58  Probe  
  136  13:01  Immortal  
  138  13:09  Assimilator  
  138  13:10  Photon Cannon  
  141  13:15  Assimilator, Observer  
  134  13:23  High Templar x3  
  136  13:27  Immortal  
  128  13:36  Immortal  
  128  13:37  Protoss Ground Weapons Level 3  
  132  13:46  Protoss Ground Armor Level 2  
  132  13:51  Zealot x3  
  132  13:53  Pylon  
  138  13:56  Gateway  
  138  13:57  Gateway  
  138  13:58  Gateway  
  138  14:00  Gateway  
  138  14:01  High Templar x3  
  144  14:05  Immortal  
  144  14:06  Archon  
  148  14:12  High Templar  
  148  14:13  Zealot x2  
  154  14:18  Pylon  
  154  14:19  Pylon  
  154  14:20  Archon x2  
  154  14:23  Pylon  
  154  14:34  Fleet Beacon  
  154  14:35  Probe  
  154  14:36  Immortal  
  154  14:38  Zealot x3  
  165  14:40  Zealot x2  
  165  14:45  Zealot  
  171  14:47  Probe  
  163  15:13  Zealot x6  
  149  15:16  Immortal  
  149  15:17  Immortal  
  153  15:34  High Templar  
  153  15:35  High Templar x3  
  165  15:45  High Templar x2  
  165  15:46  Zealot x4  
  169  15:55  Pylon, Nexus  
  169  16:11  Zealot x5  
  169  16:17  Pylon  
  177  16:19  Assimilator, Pylon  
  177  16:21  Assimilator  
Show
View Real Time Build Order
Export as new Build Order

Nistic Zerg 

Build Orders: Hatch First, Lurkers 

Get SALT Encoding   

  12  0:01  Drone  
  13  0:08  Drone  
  14  0:17  Overlord  
  14  0:22  Extractor  
  14  0:23  Drone  
  16  0:35  Drone x2  
  17  0:52  Hatchery  
  17  0:55  Drone  
  17  0:58  Extractor  
  16  1:10  Spawning Pool  
  15  1:14  Drone  
  15  1:17  Drone  
  17  1:21  Drone  
  18  1:28  Drone  
  19  1:38  Overlord  
  19  1:49  Drone  
  20  1:56  Queen  
  20  2:01  Metabolic Boost  
  22  2:04  Queen  
  24  2:09  Zergling x2  
  24  2:10  Zergling x2  
  24  2:13  Drone  
  24  2:15  Drone  
  28  2:20  Drone  
  29  2:26  Drone  
  30  2:31  Drone  
  31  2:37  Overlord  
  31  2:47  Hatchery  
  31  2:48  Drone  
  31  2:49  Drone  
  32  2:53  Drone  
  34  2:58  Drone  
  34  3:01  Queen  
  34  3:05  Zergling x2  
  37  3:08  Zergling x4  
  39  3:14  Drone x2  
  39  3:19  Lair  
  41  3:22  Drone  
  41  3:24  Drone  
  43  3:32  Overlord  
  43  3:33  Drone  
  44  3:38  Spore Crawler  
  44  3:39  Spore Crawler  
  44  3:40  Drone x2  
  44  3:44  Overlord  
  44  3:47  Extractor  
  43  3:52  Drone x2, Extractor  
  43  3:53  Drone  
  43  3:54  Evolution Chamber  
  44  3:58  Drone x2  
  44  4:00  Drone  
  44  4:02  Drone  
  48  4:03  Drone  
  48  4:05  Drone  
  48  4:07  Drone  
  50  4:17  Drone x3  
  50  4:18  Drone x2  
  50  4:21  Spore Crawler  
  50  4:22  Drone  
  55  4:30  Zerg Missile Weapons Level 1, Hydralisk Den  
  54  4:34  Drone x2  
  54  4:37  Drone  
  57  4:38  Extractor  
  57  4:45  Drone x2  
  58  4:47  Overlord x2  
  58  4:51  Drone  
  59  4:54  Drone  
  59  4:56  Drone  
  61  5:00  Muscular Augments  
  61  5:02  Overlord  
  61  5:03  Hydralisk x2  
  61  5:06  Hydralisk  
  67  5:10  Drone, Hydralisk  
  70  5:15  Hydralisk  
  70  5:17  Hydralisk  
  74  5:21  Overlord  
  74  5:22  Overlord  
  74  5:26  Overlord  
  74  5:30  Hydralisk  
  74  5:31  Hydralisk  
  74  5:34  Hydralisk  
  80  5:39  Hydralisk  
  80  5:42  Overlord  
  82  5:44  Hydralisk  
  82  5:46  Hydralisk  
  82  5:49  Hydralisk  
  88  5:52  Drone  
  88  5:53  Drone  
  83  6:09  Hydralisk x2  
  83  6:10  Hydralisk x3  
  91  6:11  Grooved Spines  
  91  6:13  Drone x3  
  91  6:16  Zergling x8  
  91  6:17  Zergling x4  
  100  6:20  Drone  
  100  6:22  Drone, Extractor  
  100  6:25  Zerg Missile Weapons Level 2  
  101  6:27  Hydralisk  
  101  6:28  Drone  
  101  6:31  Overlord  
  104  6:35  Overlord  
  103  6:54  Hydralisk x5  
  100  6:57  Hydralisk  
  104  7:03  Hydralisk  
  99  7:10  Hydralisk x2  
  99  7:15  Spine Crawler  
  92  7:26  Zergling x4  
  92  7:27  Zergling x2  
  89  7:33  Hydralisk  
  89  7:35  Hydralisk  
  89  7:36  Zergling x2  
  89  7:37  Zergling x4  
  83  7:39  Zergling x8  
  83  7:41  Queen x2  
  83  7:43  Spine Crawler x2  
  74  7:45  Spine Crawler x2  
  74  7:50  Hydralisk  
  65  7:55  Zergling x2  
  65  7:56  Zergling x2  
  55  8:17  Drone x6  
  61  8:21  Drone x2  
  63  8:32  Drone  
  64  8:34  Hydralisk x2  
  64  8:35  Extractor  
  64  8:39  Drone  
  64  8:40  Drone  
  69  8:42  Drone  
  70  8:52  Lurker Den  
  70  8:53  Drone x6  
  70  8:54  Drone  
  76  8:57  Drone  
  76  8:58  Drone  
  78  9:07  Hydralisk x3  
  78  9:09  Drone x3  
  87  9:12  Drone  
  87  9:16  Drone  
  89  9:18  Overlord  
  89  9:27  Hydralisk x4  
  97  9:35  Hydralisk x2  
  101  9:41  Hydralisk x2  
  101  9:42  Hatchery  
  104  9:45  Hydralisk  
  104  9:46  Hydralisk  
  104  9:49  Overlord  
  108  9:59  Overlord  
  108  10:13  Hydralisk x2  
  108  10:14  Hydralisk  
  107  10:15  Zergling x8  
  107  10:16  Overlord x2  
  107  10:19  Lurker  
  107  10:20  Lurker x2  
  107  10:21  Lurker x2  
  119  10:24  Zergling x6  
  119  10:25  Zergling x6  
  119  10:28  Lurker  
  127  10:33  Hydralisk  
  126  10:49  Hydralisk x3  
  116  10:50  Hydralisk x2  
  116  10:53  Hydralisk x2  
  116  10:56  Zergling x12  
  136  10:58  Hatchery  
  136  11:01  Hydralisk  
  136  11:03  Hydralisk  
  137  11:04  Zergling x2  
  137  11:07  Hydralisk  
  137  11:10  Lurker  
  143  11:22  Lurker  
  139  11:30  Hydralisk  
  126  11:34  Hydralisk x6  
  126  11:38  Zergling x8  
  126  11:39  Zergling x4  
  135  11:49  Lurker  
  135  11:50  Lurker  
  135  11:51  Zergling x4  
  135  11:52  Zergling x2  
  126  12:10  Hydralisk  
  126  12:11  Hydralisk  
  126  12:15  Hydralisk x4  
  100  12:16  Hydralisk  
  100  12:17  Zergling x10  
  100  12:18  Zergling x8  
  114  12:28  Drone x4  
  115  12:33  Drone  
  115  12:47  Overseer, Lurker x3  
  115  12:51  Baneling Nest, Drone  
  119  12:52  Queen  
  119  12:53  Spore Crawler  
  119  12:54  Drone x3, Extractor  
  121  12:58  Zergling x2  
  121  12:59  Zergling x12  
  121  13:04  Hydralisk x3  
  134  13:07  Hydralisk  
  134  13:11  Lurker x3  
  140  13:12  Lurker  
  138  13:22  Hydralisk x3  
  127  13:36  Hydralisk x3  
  127  13:38  Hydralisk  
  121  13:42  Lurker  
  121  13:43  Zergling x12  
  121  13:44  Zergling x10  
  133  13:54  Lurker  
  134  13:56  Zergling x2  
  134  13:57  Zergling x14  
  134  14:00  Hydralisk x2  
  146  14:08  Zerg Melee Weapons Level 1  
  146  14:10  Drone x2  
  146  14:16  Hatchery  
  147  14:22  Hydralisk x2  
  151  14:27  Centrifical Hooks  
  151  14:35  Lurker  
  151  14:41  Overlord x3  
  151  14:42  Overlord x2  
  148  14:56  Hydralisk x3  
  148  15:02  Extractor  
  126  15:08  Hydralisk x6  
  126  15:09  Hydralisk x5  
  122  15:16  Hydralisk x3  
  122  15:18  Hydralisk  
  116  15:24  Hydralisk  
  116  15:25  Hydralisk  
  117  15:37  Lurker  
  117  15:38  Lurker x2  
  117  15:43  Hydralisk x2  
  121  15:53  Evolution Chamber  
  121  15:55  Hatchery  
  120  16:04  Zergling x2  
  120  16:05  Zergling x2  
  120  16:06  Zergling x6  
  120  16:07  Hatchery  
  123  16:15  Zergling x4  
  123  16:16  Zergling x2  
  126  16:25  Baneling x4  
  124  16:39  Lurker  
Tags
 
Add a new tag
Caveats
  • Supply blocks, unpowered buildings, or Contaminate may cause inaccurate times.
  • Supply counts are checked every 10 seconds.